Map: Dusty Gorge

Players

PureLegacy - Winner!

  • Race: Terran Terran
  • Spawn Location: 9:00

LOADBLASTER - Winner!

  • Race: Terran Terran
  • League: Master
  • Spawn Location: 11:00

Koelsch

  • Race: Terran Terran
  • Spawn Location: 5:00

Arthur

  • Race: Zerg Zerg
  • Spawn Location: 3:00

VOD

Have the link to the VOD?

Description

Time

  • Played on: Nov. 26, 2018, 10 a.m.
  • Length: 7:11
Show
View Real Time Build Order
Export as new Build Order

PureLegacy Terran - Winner!

Build Orders:  

Get SALT Encoding   

  12  0:01  SCV  
  13  0:14  SCV  
  14  0:18  Supply Depot  
  14  0:26  SCV  
  15  0:32  Refinery  
  15  0:40  SCV  
  16  0:47  Barracks  
  16  0:52  SCV  
  17  1:04  Barracks  
  17  1:17  Barracks  
  17  1:23  SCV  
  18  1:38  Reaper  
  19  1:43  Orbital Command  
  19  1:50  Refinery  
  19  1:52  Reaper  
  20  2:05  Reaper  
  20  2:08  Supply Depot  
  21  2:10  Reaper  
  21  2:14  SCV  
  23  2:29  Reaper, SCV  
  24  2:38  Supply Depot, Reaper  
  24  2:41  SCV  
  24  2:42  Reaper  
  27  3:01  Reaper, SCV  
  29  3:10  Reaper  
  30  3:14  Reaper  
  30  3:17  Command Center  
  31  3:24  SCV  
  32  3:33  Reaper  
  33  3:42  Reaper  
  33  3:46  Reaper  
  35  3:49  SCV  
  35  3:50  Barracks  
  35  3:51  Barracks  
  34  4:06  Reaper  
  34  4:08  SCV  
  34  4:09  Engineering Bay  
  36  4:15  Reaper  
  37  4:20  SCV  
  37  4:22  Reaper  
  39  4:38  Reaper x2  
  41  4:39  Orbital Command  
  41  4:41  Refinery, Terran Infantry Weapons Level 1  
  41  4:43  Refinery  
  41  4:50  SCV  
  33  5:10  SCV x2  
  35  5:15  Barracks Tech Lab  
  35  5:18  Missile Turret  
  35  5:20  Missile Turret, Marine x3  
  35  5:21  Marine  
  37  5:22  SCV  
  37  5:24  Factory  
  37  5:27  SCV  
  39  5:34  SCV  
  40  5:36  Marine  
  40  5:39  SCV  
  41  5:53  Marine  
  41  5:54  Marine x4  
  43  6:00  Missile Turret, SCV x2  
  43  6:03  Missile Turret  
  45  6:04  Supply Depot  
  45  6:11  Factory Reactor, Marine, Starport  
  45  6:13  Marine x4  
  40  6:28  SCV  
  40  6:29  Marine  
  40  6:31  Marine x4  
  44  6:43  SCV x2  
  46  6:47  Marine  
  46  6:49  Marine x4  
  50  7:08  Barracks Tech Lab  
Show
View Real Time Build Order
Export as new Build Order

LOADBLASTER Terran - Winner!

Build Orders: Hellion Opening 

Get SALT Encoding   

  12  0:01  SCV  
  13  0:13  SCV  
  14  0:18  Supply Depot  
  14  0:25  SCV  
  15  0:30  Refinery  
  15  0:40  SCV  
  16  0:47  Barracks  
  16  0:52  SCV  
  17  1:04  SCV  
  18  1:16  SCV  
  19  1:34  Factory, Marine  
  19  1:36  Orbital Command  
  20  1:45  Supply Depot  
  20  1:53  Barracks Reactor  
  20  2:02  SCV  
  22  2:19  SCV  
  22  2:25  Command Center  
  22  2:32  Factory  
  22  2:36  Hellion  
  22  2:37  Hellion  
  26  2:39  Barracks Tech Lab  
  26  2:47  SCV  
  27  2:57  Hellion  
  27  2:58  Hellion  
  31  3:05  Supply Depot  
  31  3:27  Hellion x2, SCV  
  31  3:33  Infernal Pre-Igniter  
  35  3:38  Orbital Command  
  35  3:39  SCV  
  36  3:42  Hellion  
  38  3:49  Hellion  
  38  3:51  SCV  
  43  3:55  Hellion  
  43  4:03  SCV  
  43  4:04  Hellion, SCV  
  47  4:11  Hellion  
  47  4:15  SCV  
  52  4:17  Hellion  
  52  4:18  SCV  
  54  4:33  Hellion x2  
  53  4:39  SCV  
  53  4:40  Supply Depot  
  53  4:41  Supply Depot  
  54  5:01  SCV x2  
  54  5:02  Hellion  
  60  5:08  Armory  
  60  5:11  Cyclone  
  60  5:14  SCV x2  
  61  5:19  Supply Depot  
  61  5:22  Refinery  
  61  5:26  SCV x2  
  61  5:35  Widow Mine x2  
  63  5:38  SCV x2  
  49  5:50  Engineering Bay, SCV x2  
  51  6:00  Hellion x2  
  51  6:02  SCV x2  
  51  6:04  Refinery, Thor  
  61  6:14  SCV  
  61  6:15  SCV  
  61  6:16  Refinery  
  63  6:22  Hellion x2  
  67  6:26  SCV  
  67  6:29  Factory  
  68  6:33  SCV  
  68  6:35  Missile Turret  
  68  6:37  Barracks Tech Lab  
  68  6:39  Missile Turret, Supply Depot  
  69  6:43  Hellion  
  74  6:54  SCV  
  78  6:55  SCV  
Show
View Real Time Build Order
Export as new Build Order

Koelsch Terran 

Build Orders:  

Get SALT Encoding   

  12  0:00  SCV  
  13  0:13  SCV  
  14  0:18  Supply Depot  
  14  0:25  SCV  
  15  0:40  SCV  
  15  0:41  Barracks  
  16  0:46  Refinery  
  16  0:52  SCV  
  17  1:01  Barracks  
  17  1:05  SCV  
  18  1:17  SCV  
  19  1:28  Reaper  
  19  1:29  Orbital Command  
  20  1:38  Barracks  
  20  1:44  Refinery  
  20  1:48  Reaper  
  21  1:56  Supply Depot  
  21  2:00  SCV  
  22  2:05  Reaper  
  23  2:17  SCV  
  23  2:20  Supply Depot  
  23  2:21  Reaper  
  25  2:29  SCV  
  26  2:33  Reaper  
  27  2:41  SCV  
  29  2:44  Reaper  
  29  2:56  Command Center  
  29  2:58  SCV  
  29  3:00  Reaper  
  29  3:05  Reaper  
  32  3:10  SCV  
  33  3:16  Reaper  
  34  3:20  Barracks  
  34  3:24  Barracks  
  34  3:32  Reaper  
  35  3:37  Reaper  
  36  3:42  Supply Depot  
  36  3:45  Bunker  
  36  3:48  Reaper  
  36  4:04  Reaper  
  36  4:06  SCV  
  36  4:09  Reaper  
  39  4:20  Reaper  
  39  4:21  Reaper  
  39  4:22  Orbital Command  
  39  4:23  Refinery  
  41  4:25  Reaper  
  42  4:36  Reaper  
  42  4:37  SCV  
  42  4:44  Reaper  
  43  4:49  SCV  
  43  4:50  SCV  
  43  4:51  Refinery  
  43  4:52  Reaper  
  41  5:01  Reaper, SCV  
  39  5:07  Reaper  
  39  5:08  SCV  
  39  5:14  SCV  
  40  5:16  Reaper  
  40  5:17  Reaper  
  40  5:20  SCV  
  39  5:26  SCV  
  39  5:27  Reaper  
  41  5:32  SCV  
  41  5:34  Reaper  
  39  5:38  SCV  
  39  5:39  Reaper  
  30  5:44  SCV  
  30  5:49  Reaper x2  
  23  5:50  SCV  
  23  5:56  SCV  
  23  5:59  Reaper  
  23  6:02  SCV  
  25  6:06  Reaper  
  25  6:08  SCV  
  27  6:11  Reaper  
  27  6:14  SCV  
  29  6:20  SCV  
  29  6:21  Reaper x2  
  32  6:26  SCV  
  32  6:31  Reaper  
  35  6:32  SCV  
  35  6:38  Reaper, SCV  
  38  6:47  Command Center  
  38  6:48  SCV  
Show
View Real Time Build Order
Export as new Build Order

Arthur Zerg 

Build Orders: Hatch First 

Get SALT Encoding   

  12  0:01  Drone  
  13  0:08  Drone  
  14  0:18  Overlord  
  14  0:26  Drone, Extractor  
  15  0:36  Drone  
  15  0:37  Drone  
  17  0:55  Hatchery  
  16  0:57  Drone  
  16  1:00  Drone  
  18  1:07  Extractor  
  18  1:08  Drone  
  18  1:19  Spawning Pool  
  18  1:22  Drone  
  18  1:27  Drone  
  19  1:38  Overlord  
  19  1:49  Drone  
  20  2:06  Queen  
  20  2:07  Zergling x2  
  20  2:08  Metabolic Boost, Queen  
  23  2:12  Zergling x2  
  26  2:19  Drone x2  
  28  2:33  Overlord  
  28  2:38  Drone x2  
  30  2:46  Lair  
  30  2:47  Drone x2  
  30  2:50  Drone  
  33  2:53  Drone  
  34  3:10  Extractor  
  34  3:11  Extractor  
  34  3:12  Drone x3  
  35  3:15  Drone  
  35  3:16  Drone x3  
  35  3:18  Overlord  
  38  3:23  Zergling x4  
  40  3:33  Extractor  
  39  3:36  Zergling x4  
  39  3:37  Zergling x2  
  42  3:45  Spire  
  41  3:49  Drone x3  
  41  3:50  Drone  
  41  3:51  Zergling x2  
  43  4:04  Zergling x8  
  47  4:15  Overlord x2  
  42  4:39  Overlord x2  
  42  4:43  Queen  
  22  5:08  Mutalisk x7  
  36  5:16  Mutalisk  
  28  5:57  Drone x4  
  32  6:06  Drone  
  31  6:26  Drone x2  
  31  6:27  Drone  
  32  6:58  Drone x3  
  32  6:59  Drone  
Tags
 
Add a new tag
Caveats
  • Supply blocks, unpowered buildings, or Contaminate may cause inaccurate times.
  • Supply counts are checked every 10 seconds.